[ AOE2 MATCH · #505260936 ]
UnrankedByzantines vs Khmer
Rival team · LOSS
[ REPLAY ANALYSIS · EXTRACTED FROM THE RECORDED GAME ]
Feudal
13:46
Castle
17:41
Imperial
32:34
| APM avg | 48.8 |
| APM peak | 155 |
| eAPM avg | 31.8 |
| Villagers / military | 266 / 1307 |
Focus
⚔️ 41.8% · 🌾 58.2%
Spearman ×1067 · Militia ×123 · Hand Cannoneer ×80 · Bombard Cannon ×23 · Fishing Ship ×10 · Skirmisher ×8
Feudal
13:32
Castle
19:36
Imperial
29:28
| APM avg | 48.3 |
| APM peak | 113 |
| eAPM avg | 31.0 |
| Villagers / military | 232 / 577 |
Focus
⚔️ 34.7% · 🌾 65.3%
Spearman ×199 · Scout Cavalry ×157 · Militia ×100 · Scorpion ×92 · Battering Ram ×14 · Trebuchet (Packed) ×9
Match map
Initial resources + every placement click. Lines = walls · curves = elevation contours. ◆ gold · ⬟ stone · ● berries · ✦ relic · ◌ wall gap
Your base· ✓ Closed at 17:41 · 16t walls · 1 gate(s)
COACHING D SONIDOS's base· ✓ Closed at 19:36 · 6t walls · no gate
Smoothed initial terrain · ◌ = detected wall gap · hover for details
Inputs per minute
— Joxer The Mighty - - COACHING D SONIDOS
Build order — Joxer The Mighty
First 150 of 975 actions detected
| 0:00 | Queue | Villager (Male) |
| 0:00 | Queue | Villager (Male) |
| 0:00 | Queue | Villager (Male) |
| 0:00 | Queue | Villager (Male) |
| 0:00 | Queue | Villager (Male) |
| 0:01 | Queue | Villager (Male) |
| 0:02 | Build | House |
| 0:04 | Build | House |
| 1:32 | Queue | Villager (Male) |
| 1:32 | Queue | Villager (Male) |
| 1:32 | Queue | Villager (Male) |
| 1:32 | Queue | Villager (Male) |
| 1:32 | Queue | Villager (Male) |
| 2:04 | Research | Loom |
| 2:18 | Build | House |
| 2:25 | Build | House |
| 2:28 | Build | House |
| 2:39 | Queue | Villager (Male) |
| 2:39 | Queue | Villager (Male) |
| 2:39 | Queue | Villager (Male) |
| 2:39 | Queue | Villager (Male) |
| 2:39 | Queue | Villager (Male) |
| 2:50 | Build | Mill |
| 3:33 | Queue | Villager (Male) |
| 3:33 | Queue | Villager (Male) |
| 3:34 | Queue | Villager (Male) |
| 3:59 | Queue | Villager (Male) |
| 3:59 | Queue | Villager (Male) |
| 3:59 | Queue | Villager (Male) |
| 3:59 | Queue | Villager (Male) |
| 3:59 | Queue | Villager (Male) |
| 4:25 | Queue | Villager (Male) |
| 4:25 | Queue | Villager (Male) |
| 4:25 | Queue | Villager (Male) |
| 4:25 | Queue | Villager (Male) |
| 4:47 | Queue | Villager (Male) |
| 4:47 | Queue | Villager (Male) |
| 4:47 | Queue | Villager (Male) |
| 4:47 | Queue | Villager (Male) |
| 5:00 | Queue | Villager (Male) |
| 5:00 | Queue | Villager (Male) |
| 5:00 | Queue | Villager (Male) |
| 5:00 | Queue | Villager (Male) |
| 5:24 | Build | Palisade Wall |
| 5:26 | Queue | Villager (Male) |
| 5:27 | Queue | Villager (Male) |
| 5:27 | Queue | Villager (Male) |
| 5:27 | Queue | Villager (Male) |
| 5:43 | Queue | Villager (Male) |
| 5:43 | Queue | Villager (Male) |
| 5:43 | Queue | Villager (Male) |
| 5:43 | Queue | Villager (Male) |
| 6:00 | Queue | Villager (Male) |
| 6:00 | Queue | Villager (Male) |
| 6:00 | Queue | Villager (Male) |
| 6:00 | Queue | Villager (Male) |
| 6:00 | Queue | Villager (Male) |
| 6:16 | Queue | Villager (Male) |
| 6:16 | Queue | Villager (Male) |
| 6:16 | Queue | Villager (Male) |
| 6:16 | Queue | Villager (Male) |
| 6:16 | Queue | Villager (Male) |
| 6:35 | Queue | Villager (Male) |
| 6:35 | Queue | Villager (Male) |
| 6:35 | Queue | Villager (Male) |
| 6:35 | Queue | Villager (Male) |
| 6:35 | Queue | Villager (Male) |
| 7:04 | Build | Lumber Camp |
| 7:09 | Queue | Villager (Male) |
| 7:09 | Queue | Villager (Male) |
| 7:09 | Queue | Villager (Male) |
| 7:09 | Queue | Villager (Male) |
| 7:37 | Queue | Villager (Male) |
| 7:37 | Queue | Villager (Male) |
| 7:37 | Queue | Villager (Male) |
| 8:41 | Build | Dock |
| 8:45 | Queue | Villager (Male) |
| 8:45 | Queue | Villager (Male) |
| 8:45 | Queue | Villager (Male) |
| 8:45 | Queue | Villager (Male) |
| 8:45 | Queue | Villager (Male) |
| 9:19 | Queue | Fishing Ship |
| 9:26 | Build | House |
| 9:47 | Queue | Villager (Male) |
| 9:47 | Queue | Villager (Male) |
| 10:00 | Build | House |
| 10:07 | Queue | Fishing Ship |
| 10:07 | Queue | Fishing Ship |
| 10:45 | Queue | Villager (Male) |
| 10:57 | Build | House |
| 11:00 | Queue | Fishing Ship |
| 11:10 | Queue | Villager (Male) |
| 11:10 | Queue | Villager (Male) |
| 11:10 | Queue | Villager (Male) |
| 11:15 | Research | Feudal Age |
| 11:27 | Build | Mining Camp |
| 12:10 | Queue | Villager (Male) |
| 12:11 | Queue | Villager (Male) |
| 12:11 | Queue | Villager (Male) |
| 12:18 | Build | Lumber Camp |
| 12:40 | Queue | Fishing Ship |
| 12:40 | Queue | Fishing Ship |
| 13:46 | Age | Feudal Age |
| 13:50 | Build | Market |
| 14:01 | Build | Blacksmith |
| 14:48 | Research | Castle Age |
| 14:57 | Build | Mining Camp |
| 15:07 | Build | Gate |
| 15:12 | Build | Stone Wall |
| 15:15 | Queue | Villager (Male) |
| 15:15 | Queue | Villager (Male) |
| 15:18 | Research | Double-Bit Axe |
| 15:20 | Research | Horse Collar |
| 15:20 | Research | Horse Collar |
| 15:39 | Research | Gold Mining |
| 16:38 | Build | Farm |
| 16:39 | Build | Farm |
| 16:40 | Build | Farm |
| 17:41 | Age | Castle Age |
| 17:46 | Build | Town Center |
| 17:58 | Build | Town Center |
| 18:14 | Research | Bow Saw |
| 18:18 | Queue | Villager (Male) |
| 18:18 | Queue | Villager (Male) |
| 18:24 | Build | House |
| 18:48 | Build | Fish Trap |
| 19:07 | Queue | Villager (Male) |
| 19:08 | Queue | Villager (Male) |
| 19:08 | Queue | Villager (Male) |
| 19:08 | Queue | Villager (Male) |
| 19:08 | Queue | Villager (Male) |
| 19:08 | Queue | Villager (Male) |
| 19:18 | Build | Fish Trap |
| 19:38 | Build | Barracks |
| 19:39 | Build | House |
| 19:41 | Queue | Villager (Male) |
| 19:41 | Queue | Villager (Male) |
| 19:41 | Queue | Villager (Male) |
| 19:41 | Queue | Villager (Male) |
| 19:55 | Build | Fish Trap |
| 20:03 | Build | Fish Trap |
| 20:14 | Research | Tech 906 |
| 20:14 | Research | Tech 906 |
| 20:28 | Build | Monastery |
| 20:36 | Queue | Villager (Male) |
| 20:37 | Queue | Villager (Male) |
| 20:37 | Queue | Villager (Male) |
| 20:37 | Queue | Villager (Male) |
| 20:37 | Queue | Villager (Male) |
| 20:43 | Build | House |
Build order — COACHING D SONIDOS
First 150 of 920 actions detected
| 0:00 | Queue | Villager (Male) |
| 0:01 | Queue | Villager (Male) |
| 0:02 | Build | House |
| 0:04 | Build | House |
| 0:07 | Build | House |
| 0:14 | Queue | Villager (Male) |
| 0:14 | Queue | Villager (Male) |
| 0:14 | Queue | Villager (Male) |
| 0:24 | Research | Loom |
| 0:35 | Queue | Villager (Male) |
| 0:35 | Queue | Villager (Male) |
| 0:46 | Queue | Villager (Male) |
| 0:46 | Queue | Villager (Male) |
| 1:40 | Build | Palisade Wall |
| 1:48 | Queue | Villager (Male) |
| 2:25 | Build | House |
| 2:28 | Build | House |
| 2:30 | Build | Palisade Wall |
| 2:44 | Build | Palisade Wall |
| 2:46 | Build | Palisade Wall |
| 2:50 | Build | Palisade Wall |
| 2:53 | Build | Palisade Wall |
| 2:56 | Queue | Villager (Male) |
| 2:56 | Queue | Villager (Male) |
| 3:06 | Build | Lumber Camp |
| 3:30 | Queue | Villager (Male) |
| 3:30 | Queue | Villager (Male) |
| 3:41 | Queue | Villager (Male) |
| 4:17 | Queue | Villager (Male) |
| 4:18 | Queue | Villager (Male) |
| 4:40 | Queue | Villager (Male) |
| 4:40 | Queue | Villager (Male) |
| 5:02 | Queue | Villager (Male) |
| 5:02 | Queue | Villager (Male) |
| 5:11 | Queue | Villager (Male) |
| 5:55 | Queue | Villager (Male) |
| 5:56 | Queue | Villager (Male) |
| 6:14 | Build | House |
| 7:09 | Build | Dock |
| 7:12 | Queue | Villager (Male) |
| 7:13 | Queue | Villager (Male) |
| 7:36 | Queue | Villager (Male) |
| 8:08 | Queue | Villager (Male) |
| 8:10 | Queue | Fishing Ship |
| 8:16 | Build | Mill |
| 8:21 | Queue | Villager (Male) |
| 8:25 | Queue | Villager (Male) |
| 8:52 | Queue | Villager (Male) |
| 8:53 | Queue | Villager (Male) |
| 9:00 | Build | House |
| 9:15 | Queue | Fishing Ship |
| 9:27 | Build | House |
| 9:48 | Queue | Fishing Ship |
| 10:27 | Queue | Villager (Male) |
| 10:37 | Queue | Fishing Ship |
| 10:52 | Queue | Villager (Male) |
| 11:07 | Queue | Villager (Male) |
| 11:11 | Research | Feudal Age |
| 11:11 | Research | Feudal Age |
| 11:42 | Build | Mining Camp |
| 12:24 | Build | House |
| 12:56 | Build | House |
| 13:22 | Queue | Villager (Male) |
| 13:32 | Build | Mill |
| 13:32 | Age | Feudal Age |
| 13:54 | Research | Double-Bit Axe |
| 13:54 | Research | Horse Collar |
| 13:55 | Queue | Villager (Male) |
| 14:04 | Build | Fish Trap |
| 14:10 | Build | Fish Trap |
| 14:12 | Build | Fish Trap |
| 14:13 | Queue | Villager (Male) |
| 14:17 | Build | Fish Trap |
| 14:40 | Queue | Villager (Male) |
| 15:04 | Queue | Villager (Male) |
| 15:05 | Queue | Villager (Male) |
| 15:26 | Build | Farm |
| 15:28 | Build | Farm |
| 15:29 | Build | Farm |
| 15:33 | Build | Farm |
| 15:49 | Build | Farm |
| 15:52 | Build | Farm |
| 15:54 | Build | Farm |
| 15:55 | Build | Farm |
| 15:59 | Build | Farm |
| 16:01 | Queue | Villager (Male) |
| 16:05 | Build | Farm |
| 16:19 | Queue | Villager (Male) |
| 16:34 | Build | Lumber Camp |
| 16:38 | Build | Farm |
| 16:56 | Research | Castle Age |
| 17:09 | Build | Farm |
| 17:15 | Build | Farm |
| 18:23 | Build | Outpost |
| 18:38 | Research | Town Watch |
| 18:43 | Build | House |
| 19:01 | Queue | Fishing Ship |
| 19:02 | Queue | Fishing Ship |
| 19:02 | Queue | Fishing Ship |
| 19:21 | Build | House |
| 19:36 | Age | Castle Age |
| 19:39 | Build | Town Center |
| 19:45 | Queue | Villager (Male) |
| 19:46 | Research | Bow Saw |
| 19:50 | Research | Heavy Plow |
| 19:57 | Research | Gold Mining |
| 20:05 | Build | Fish Trap |
| 20:06 | Queue | Villager (Male) |
| 20:07 | Queue | Villager (Male) |
| 20:32 | Build | Fish Trap |
| 21:05 | Queue | Villager (Male) |
| 21:05 | Queue | Villager (Male) |
| 21:11 | Build | Fish Trap |
| 21:17 | Queue | Villager (Male) |
| 21:17 | Queue | Villager (Male) |
| 21:18 | Queue | Villager (Male) |
| 21:48 | Build | Town Center |
| 21:55 | Queue | Villager (Male) |
| 21:59 | Build | Siege Workshop |
| 22:03 | Queue | Villager (Male) |
| 22:08 | Queue | Villager (Male) |
| 22:17 | Queue | Villager (Male) |
| 22:17 | Queue | Villager (Male) |
| 22:23 | Research | Gold Shaft Mining |
| 22:25 | Queue | Villager (Male) |
| 22:38 | Queue | Villager (Male) |
| 22:38 | Queue | Villager (Male) |
| 22:54 | Build | House |
| 22:55 | Build | House |
| 23:04 | Build | Lumber Camp |
| 23:10 | Queue | Villager (Male) |
| 23:18 | Queue | Mangonel |
| 23:23 | Queue | Villager (Male) |
| 23:24 | Queue | Villager (Male) |
| 23:24 | Queue | Villager (Male) |
| 23:30 | Build | House |
| 23:31 | Queue | Villager (Male) |
| 23:35 | Queue | Villager (Male) |
| 23:41 | Queue | Villager (Male) |
| 23:52 | Queue | Mangonel |
| 24:06 | Queue | Villager (Male) |
| 24:18 | Build | Market |
| 24:20 | Queue | Villager (Male) |
| 24:32 | Build | Stone Wall |
| 24:34 | Queue | Villager (Male) |
| 24:34 | Queue | Villager (Male) |
| 24:34 | Queue | Villager (Male) |
| 24:37 | Queue | Villager (Male) |
| 24:44 | Queue | Villager (Male) |
| 24:45 | Research | Wheelbarrow |
Match timeline
| 1:40 | COACHING D SONIDOS · wall_segment Palisade Wall x1 |
| 2:30 | COACHING D SONIDOS · wall_segment Palisade Wall x1 |
| 2:44 | COACHING D SONIDOS · wall_segment Palisade Wall x1 |
| 2:46 | COACHING D SONIDOS · wall_segment Palisade Wall x1 |
| 2:50 | COACHING D SONIDOS · wall_segment Palisade Wall x1 |
| 2:53 | COACHING D SONIDOS · wall_segment Palisade Wall x1 |
| 5:24 | Joxer The Mighty · wall_segment Palisade Wall x7 |
| 7:09 | COACHING D SONIDOS · first_building Dock |
| 8:41 | Joxer The Mighty · first_building Dock |
| 13:32 | COACHING D SONIDOS · age_up feudal |
| 13:46 | Joxer The Mighty · age_up feudal |
| 14:46 | Joxer The Mighty · first_market_sell 100 wood |
| 15:12 | Joxer The Mighty · wall_segment Stone Wall x9 |
| 17:41 | Joxer The Mighty · age_up castle |
| 19:36 | COACHING D SONIDOS · age_up castle |
| 19:38 | Joxer The Mighty · first_building Barracks |
| 20:28 | Joxer The Mighty · first_building Monastery |
| 21:59 | COACHING D SONIDOS · first_building Siege Workshop |
| 22:21 | Joxer The Mighty · first_building Siege Workshop |
| 23:12 | Joxer The Mighty · first_building Castle |
| 24:32 | COACHING D SONIDOS · wall_segment Stone Wall x12 |
| 25:01 | Joxer The Mighty · first_building Archery Range |
| 26:35 | COACHING D SONIDOS · first_building Barracks |
| 26:39 | COACHING D SONIDOS · first_building Stable |
| 28:26 | COACHING D SONIDOS · first_building Castle |
| 29:28 | COACHING D SONIDOS · age_up imperial |
| 32:34 | Joxer The Mighty · age_up imperial |
| 42:31 | COACHING D SONIDOS · wall_segment Stone Wall x1 |
| 42:38 | COACHING D SONIDOS · wall_segment Stone Wall x1 |
| 42:44 | COACHING D SONIDOS · wall_segment Stone Wall x1 |
| 44:38 | Joxer The Mighty · wall_segment Stone Wall x6 |
| 50:18 | COACHING D SONIDOS · first_building Monastery |
| 50:20 | Joxer The Mighty · wall_segment Stone Wall x8 |
| 50:21 | Joxer The Mighty · wall_segment Stone Wall x5 |
| 53:10 | Joxer The Mighty · first_building Stable |
| 56:03 | COACHING D SONIDOS · first_market_sell 100 food |
| 70:21 | COACHING D SONIDOS · first_building Archery Range |
| 71:02 | COACHING D SONIDOS · resign |
[ AI ANALYSIS · 1 CREDIT ]
What really happened in this match?
Wolo.gg analyzes every decision: build order, eco, micro, common mistakes by bracket. Personalized analysis on WhatsApp or Discord in 30 seconds.
Civ guide
Byzantines
Perfil
Jugador #350782